 Dungeon Crawl Stone Soup version 0.21-a0-401-g0b6bec4 (webtiles) character file.

321 tof the Slasher (level 6, -2/55 HPs)
             Began as a Minotaur Monk on Oct 25, 2017.
             Was a Believer of Ashenzari.
             Slain by a killer bee (5 damage)
             ... on level 5 of the Dungeon.
             The game lasted 00:07:09 (3628 turns).

tof the Slasher (Minotaur Monk)                     Turns: 3628, Time: 00:07:10

Health: -2/55      AC:  7    Str: 18    XL:     6   Next: 22%
Magic:  5/5        EV: 12    Int: 13    God:    Ashenzari [**....]
Gold:   75         SH:  0    Dex: 12    Spells: 5/5 levels left

rFire    . . .     SeeInvis .   a - +0 falchion
rCold    . . .     Gourm    .   (no shield)
rNeg     . . .     Faith    +   p - +0 ring mail
rPois    .         Spirit   .   (helmet restricted)
rElec    .         Reflect  .   n - +0 cloak (curse)
rCorr    .         Harm     .   (no gloves)
MR       .....                  (no boots)
Stlth    +.........             o - amulet of faith
HPRegen  0.18/turn              t - +6 ring of intelligence
MPRegen  0.09/turn              (no ring)

@: lethally poisoned (-2 -> -13)
A: retaliatory headbutt, horns 2
a: Curse Item, Scrying, Renounce Religion


You were on level 5 of the Dungeon.
You worshipped Ashenzari.
Ashenzari was pleased with you.
You were not hungry.

You visited 1 branch of the dungeon, and saw 5 of its levels.

You collected 75 gold pieces.

Inventory:

Hand Weapons
 a - a +0 falchion (weapon)
Armour
 n - a cursed +0 cloak (worn)
 p - a +0 ring mail (worn)
Jewellery
 e - an uncursed amulet of the gourmand
 o - an amulet of faith (around neck)
 t - a +6 ring of intelligence (left hand)
Scrolls
 b - a scroll of identify {unknown}
 f - 2 scrolls of recharging {unknown}
 i - a scroll of fog {unknown}
 k - 4 scrolls of teleportation {unknown}
 l - a scroll of magic mapping {unknown}
 m - a scroll of blinking {unknown}
Potions
 d - 3 potions of curing {unknown}
 g - 2 potions of might {unknown}
 h - a potion of heal wounds {unknown}
 s - a potion of ambrosia {unknown}
Comestibles
 c - 5 bread rations
 j - 2 royal jellies
 q - 2 fruits


   Skills:
 + Level 4.8 Fighting
 * Level 5.6 Long Blades
 * Level 4.1 Armour
 + Level 4.3 Dodging
 - Level 1.5 Stealth


You had 5 spell levels left.
You didn't know any spells.

Dungeon Overview and Level Annotations

Branches:
Dungeon (5/15)
 Temple: D:4-7

Altars:
Ashenzari
Cheibriados

Annotations:
D:3 Grinder


Innate Abilities, Weirdness & Mutations

You reflexively headbutt those who attack you in melee.
You have a pair of horns on your head.


Message History

You feel sick. The killer bee barely misses you.
You riposte.
You miss the killer bee. Your headbutt misses the killer bee.
The killer bee closely misses you. You furiously retaliate!
You headbutt the killer bee! You miss the killer bee.
The killer bee is severely wounded.
* * * LOW HITPOINT WARNING * * *
You feel sick. The killer bee stings you.
* * * LOW HITPOINT WARNING * * *
The killer bee barely misses you.
You miss the killer bee.
The killer bee is severely wounded.
* * * LOW HITPOINT WARNING * * *
You feel sick. The killer bee closely misses you.
You riposte.
You closely miss the killer bee.
The killer bee is severely wounded.
The killer bee stings you.
* * * LOW HITPOINT WARNING * * *
The killer bee stings you.
You die...

, , , ..##.#...# #.#.
*########.#>.## ....
#...........# ..#..
#.######.#.## .[... *
#.# #.#.# ..#...* #.#
##.#.# ......#####.#
#....#
..#........o#####..###
,..........ooy@.....#
#.#....#########...#
....... , { #...# ,
...#... , #...# *
#.#...#**,, ,....#
#,##..* ,, ,...## *
... *##.## ,...., #.#
,*


You could see a killer bee and 3 orcs.

Vanquished Creatures
  A centaur (D:3)
  2 killer bees (D:5)
  An orc wizard (D:3)
  A worker ant (D:4)
  2 adders
  An ooze (D:4)
  A worm (D:2)
  3 dart slugs
  A leopard gecko (D:2)
  5 orcs
  5 bats
  2 giant cockroaches
  8 goblins
  7 hobgoblins
  5 jackals (D:2)
  A quokka (D:2)
  3 ball pythons
  A frilled lizard (D:2)
  11 kobolds
  4 rats
65 creatures vanquished.

Notes
Turn   | Place    | Note
-------+----------+-------------------------------------------
     0 | D:1      | tof the Minotaur Monk began the quest for the Orb.
     0 | D:1      | Reached XP level 1. HP: 19/19 MP: 0/0
   114 | D:1      | Reached skill level 1 in Armour
   149 | D:1      | Reached XP level 2. HP: 27/27 MP: 1/1
   541 | D:1      | Reached skill level 4 in Long Blades
  1174 | D:2      | Reached XP level 3. HP: 31/33 MP: 2/2
  1503 | D:2      | Found a snail-covered altar of Cheibriados.
  2374 | D:3      | Reached XP level 4. HP: 39/40 MP: 3/3
  2393 | D:3      | Noticed Grinder
  2859 | D:3      | Noticed a centaur
  2866 | D:3      | Killed a centaur
  2866 | D:3      | Reached skill level 5 in Long Blades
  2866 | D:3      | Reached XP level 5. HP: 24/47 MP: 4/4
  3368 | D:4      | Found a shattered altar of Ashenzari.
  3376 | D:4      | Became a worshipper of Ashenzari the Shackled
  3376 | D:4      | Reached * piety under Ashenzari
  3376 | D:4      | Reached ** piety under Ashenzari
  3579 | D:5      | Entered Level 5 of the Dungeon
  3617 | D:5      | Reached XP level 6. HP: 45/53 MP: 5/5
  3628 | D:5      | Slain by a killer bee

Vault maps used:
D:1:      evilmike_arrival_rings
D:2:      lemuel_doored_altar, minmay_door_square, st_stairs_8
D:3:      uniq_grinder
D:4:      ashenzari_altar_1
D:5:      tgw_xom, minmay_temple_entry_glass, first_bread,
          kennysheep_generic_room_8, uniq_blork_the_orc, uniq_prince_ribbit1

Skill      XL: |  1  2  3  4  5 |
---------------+----------------+-----
Armour         | 1 2 3 4 |  4.1
Long Blades    | 4 5 |  5.6
Fighting       | 4 |  4.8
Dodging        | 4 |  4.3
Stealth        | |  1.5

Action                   |  1- 3 |  4- 6 || total
-------------------------+-------+-------++-------
Melee: Falchion          |    80 |    53 ||   133
       Headbutt          |    13 |    10 ||    23
Invok: Curse Item        |       |     1 ||     1
 Stab: Sleeping          |     2 |       ||     2
  Eat: Chunk             |    14 |       ||    14
Armor: Robe              |     1 |       ||     1
       Leather armour    |    18 |     5 ||    23
       Ring mail         |       |    10 ||    10
Dodge: Dodged            |    73 |    43 ||   116
       Rpst.: Falchion   |    20 |    13 ||    33

Table legend:
 A = Spawn XP
 B = Non-spawn XP
 C = Spawn XP percentage of total XP
 D = Spawn monster count
 E = Non-spawn monster count
 F = Spawn count percentage of total count
 G = Total turns spent on level
                    A         B        C        D         E        F      G
               +---------+---------+-------+---------+---------+-------+---------
         Total |       0 |     459 |   0.0 |       0 |      65 |   0.0 |  3628
               +---------+---------+-------+---------+---------+-------+---------
           D:1 |       0 |      35 |   0.0 |       0 |      18 |   0.0 |  1149
           D:2 |       0 |      50 |   0.0 |       0 |      26 |   0.0 |  1470
           D:3 |       0 |     187 |   0.0 |       0 |      12 |   0.0 |   419
           D:4 |       0 |      63 |   0.0 |       0 |       7 |   0.0 |   541
           D:5 |       0 |     124 |   0.0 |       0 |       2 |   0.0 |    49
               +---------+---------+-------+---------+---------+-------+---------
